 Dungeon Crawl Stone Soup version 0.23.1-37-gaa34b87b72 (webtiles) character file.

Game seed: 1845609016618631588

202 Peloso the Skirmisher (level 5, -5/47 HPs)
             Began as a Minotaur Fighter on Mar 24, 2019.
             Slain by an orc
             ... wielding a +0 flail
              (6 damage)
             ... on level 3 of the Dungeon.
             The game lasted 00:03:59 (2093 turns).

Peloso the Skirmisher (Minotaur Fighter)            Turns: 2093, Time: 00:04:00

Health: -5/47      AC:  7    Str: 21    XL:     5   Next: 50%
Magic:  4/4        EV:  8    Int: 10    God:
Gold:   155        SH:  9    Dex: 10    Spells: 4/4 levels left

rFire    . . .     SeeInvis .   a - +0 long sword
rCold    . . .     Gourm    .   c - +0 shield
rNeg     . . .     Faith    .   b - +0 scale mail
rPois    .         Spirit   .   (helmet restricted)
rElec    .         Reflect  .   (no cloak)
rCorr    .         Harm     .   (no gloves)
MR       .....                  (no boots)
Stlth    ..........             (no amulet)
HPRegen  0.15/turn              m - ring of wizardry
MPRegen  0.09/turn              (no ring)

@: brilliant
A: retaliatory headbutt, horns 2
a: no special abilities


You were on level 3 of the Dungeon.
You were very hungry.

You visited 1 branch of the dungeon, and saw 3 of its levels.

You collected 155 gold pieces.

Inventory:

Hand Weapons
 a - a +0 long sword (weapon)
Armour
 b - a +0 scale mail (worn)
 c - a +0 shield (worn)
Jewellery
 m - a ring of wizardry (left hand)
Scrolls
 h - 4 scrolls of identify {unknown}
 i - a scroll of amnesia {unknown}
 j - a scroll of remove curse {unknown}
 l - 2 scrolls of teleportation {unknown}
 p - 2 scrolls of enchant armour {unknown}
 r - a scroll of immolation {unknown}
Potions
 d - a potion of might
 e - 2 potions of heal wounds {unknown}
 g - a potion of curing
 k - 3 potions of brilliance
 n - a potion of lignification {unknown}
 o - a potion of cancellation {unknown}
 q - a potion of degeneration {unknown}
Comestibles
 f - 4 rations


   Skills:
 + Level 4.9 Fighting
 + Level 4.3 Long Blades
 + Level 4.6 Armour
 + Level 0.8 Dodging
 + Level 4.6 Shields


You had 4 spell levels left.
You didn't know any spells.
Your spell library was empty.

Dungeon Overview and Level Annotations

Branches:
Dungeon (3/15)

Altars:

Annotations:
D:3 3 runed translucent doors, Sigmund; Tutankhamun's ghost, amateur GnCj


Innate Abilities, Weirdness & Mutations

You reflexively headbutt those who attack you in melee.
You have a pair of horns on your head.


Message History

You resist with some effort.
It was a potion of curing.
You feel better. The orc hits you with a +0 flail.
The orc wizard hits you with a +0 dagger.
You slash something! Something hits you!
* * * LOW HITPOINT WARNING * * *
You block the orc's attack.
The orc wizard hits you but does no damage.
A kobold comes into view.
You hit something but do no damage. Something hits you but does no damage.
You block the orc's attack.
The orc wizard hits you but does no damage.
You closely miss something. Your headbutt misses something.
The orc wizard hits you with a +0 dagger.
* * * LOW HITPOINT WARNING * * *
You block the orc's attack. Something hits you but does no damage.
The orc wizard casts a spell at you. The magic dart hits you.
* * * LOW HITPOINT WARNING * * *
You miss something. The orc hits you with a +0 flail.
You die...

##.## ##.
##..# ## #..##
. # #.## ..
##.# ...
#†.###....
#####.........
#....o{.......
#.....@o......
#.........####
#.........#
#.........#
###########


You could see an orc wizard and an orc.

Vanquished Creatures
  A water moccasin skeleton (D:3)
  3 gnolls (D:2)
  5 adders
  An ooze (D:3)
  3 dart slugs
  A worm (D:2)
  6 leopard geckos
  3 orcs (D:3)
  A ball python (D:1)
  2 giant cockroaches (D:2)
  3 goblins (D:2)
  3 hobgoblins
  11 jackals
  A quokka (D:3)
  5 bats
  2 frilled lizards
  6 kobolds
  3 rats (D:2)
  A plant (D:1)
61 creatures vanquished.

Notes
Turn   | Place    | Note
-------+----------+-------------------------------------------
     0 | D:1      | Peloso the Minotaur Fighter began the quest for the Orb.
     0 | D:1      | Reached XP level 1. HP: 19/19 MP: 0/0
   234 | D:1      | Reached XP level 2. HP: 16/27 MP: 1/1
   704 | D:2      | Reached XP level 3. HP: 33/33 MP: 2/2
   841 | D:2      | Reached XP level 4. HP: 30/41 MP: 3/3
  1737 | D:3      | Found a runed translucent gate.
  1737 | D:3      | Found a runed translucent gate.
  1737 | D:3      | Found a runed translucent gate.
  1751 | D:3      | Reached XP level 5. HP: 29/47 MP: 4/4
  1948 | D:3      | Noticed Tutankhamun's ghost (amateur GnCj)
  2071 | D:3      | Noticed Sigmund
  2092 | D:3      | HP: 1/47 [orc wizard/magic dart (2)]
  2093 | D:3      | Slain by an orc

Skill      XL: |  1  2  3  4  5 |
---------------+----------------+-----
Fighting       | 4 |  4.9
Armour         | 4 |  4.6
Shields        | 4 |  4.6
Long Blades    | 3 4 |  4.3
Dodging        | |  0.8

Action                   |  1- 3 |  4- 6 || total
-------------------------+-------+-------++-------
Melee: Long sword        |    80 |   108 ||   188
       Headbutt          |    18 |    13 ||    31
  Use: Potion            |       |     2 ||     2
  Eat: Chunk             |       |     3 ||     3
Armor: Scale mail        |    32 |    50 ||    82
Dodge: Dodged            |    21 |    41 ||    62
Block: Shield            |    32 |    63 ||    95
       Rpst.: Long sword |     9 |    10 ||    19
